 Dungeon Crawl Stone Soup version 0.31.0-9-g3a7656b989 (webtiles) character file.

Game seed: 3722725890425081543

448 qw the Ducker (level 6, -1/30 HPs)
             Began as a Spriggan Hunter on Feb 2, 2024.
             Killed from afar by an orc wizard (11 damage)
             ... with a magic dart
             ... on level 4 of the Dungeon.
             The game lasted 00:00:13 (2983 turns).

qw the Ducker (Spriggan Hunter)                     Turns: 2983, Time: 00:00:14

Health: -1/30      AC:  2    Str:  7    XL:     6   Next: 73%
Magic:  7/7        EV: 25    Int: 10    God:
Gold:   172        SH:  5    Dex: 27    Spells: 5/5 levels left

rFire   . . .        a - +0 shortbow
rCold   . . .        (shield currently unavailable)
rNeg    . . .        c - +0 robe
rPois   .            (helmet restricted)
rElec   .            (no cloak)
rCorr   .            (gloves unavailable)
SInv    +            (boots unavailable)
Will    +....        k - amulet of reflection
Stlth   +++          d - +6 ring of dexterity
HPRegen 0.25/turn    (no ring)
MPRegen 0.10/turn

%: reflection
@: very quick
A: very small, no large weapons, unfitting armour, see invisible, speed 3
a: no special abilities


You were on level 4 of the Dungeon.
You visited 1 branch of the dungeon, and saw 4 of its levels.

You collected 172 gold pieces.


Innate Abilities, Weirdness & Mutations

You are very small and have problems with some larger weapons.
You are too small for most types of armour.
You have supernaturally acute eyesight. (SInv)
You cover ground extremely quickly. (Speed+++)


   Skills:
 - Level 2.0 Fighting
 - Level 6.0 Ranged Weapons
 + Level 7.4 Dodging
 - Level 1.5 Stealth


You had 5 spell levels left.
You didn't know any spells.
Your spell library was empty.

Inventory:

Hand Weapons
 a - a +0 shortbow (weapon)
Armour
 c - a +0 robe (worn)
Jewellery
 d - a +6 ring of dexterity (left hand)
 k - an amulet of reflection (around neck)
Wands
 h - a wand of flame (31)
Scrolls
 b - a scroll of identify
 j - 2 scrolls of enchant armour
Potions
 e - a potion of enlightenment
 f - a potion of resistance {unknown}

Dungeon Overview and Level Annotations

Branches:
Dungeon (4/15)
 Temple: D:4-7

Altars:
Gozag

Annotations:
D:2 1 runed translucent door, Crazy Yiuf


Message History

The orc wizard is lightly wounded.
The orc wizard gestures at you while chanting.
The puff of flame misses you. The orc completely misses you.
You shoot an arrow.
The arrow closely misses the orc wizard.
The orc wizard misses you. The orc barely misses you.
The orc hits you with a +0 dagger.
You shoot an arrow. The arrow barely misses the orc wizard.
The orc wizard misses you. You block the orc's attack. The orc misses you.
You shoot an arrow. The arrow barely misses the orc wizard.
The orc wizard completely misses you. The orc hits you with a +0 short sword.
You block the orc's attack.
You shoot an arrow.
The arrow hits the orc wizard but does no damage.
The orc wizard is lightly wounded.
You block the orc wizard's attack. The orc misses you.
The orc hits you with a +0 dagger. The orc hits you with a +0 short sword.
The orc wizard completely misses you. The orc hits you with a +0 dagger.
You shoot an arrow.
The arrow closely misses the orc wizard.
The orc wizard misses you. The orc completely misses you. x2
You shoot an arrow. The arrow barely misses the orc wizard.
You block the orc wizard's attack. The orc completely misses you.
The orc hits you with a +0 dagger.
You shoot an arrow. The arrow hits the orc wizard.
The orc wizard is moderately wounded.
You block the orc wizard's attack. The orc closely misses you. x2
You shoot an arrow. The arrow barely misses the orc wizard.
The orc wizard hits you with a +0 dagger.
The orc misses you. The orc hits you with a +0 dagger.
You shoot an arrow.
The arrow hits the orc wizard but does no damage.
The orc wizard is moderately wounded.
The orc wizard hits you with a +0 dagger.
The orc completely misses you. The orc closely misses you.
You shoot an arrow. The arrow hits the orc wizard.
The orc wizard is heavily wounded.
The orc wizard casts a spell at you. The magic dart hits you!
You die...

.................#......
..........#####.##......
......)...##............
#####.%)..##............
..........##............
................#.....?.
..........).............
.................o......
...#........%...@o......
......####......#o#...##
..##..# #....#[##g# .#
.............#'# ..
#............... ##.
........... ..
$.....#.... ..
.....#.... ...


You could see an orc wizard, 2 orcs and a goblin.

Vanquished Creatures
  2 hounds (D:4)
  Jessica (D:2)
  Terence (D:3)
  3 orc wizards
  Natasha (thrice) (D:3)
  Robin (D:3)
  A gnoll (D:1)
  6 adders
  A white imp (D:4)
  A dart slug (D:1)
  A ribbon worm (D:3)
  13 orcs
  8 endoplasms
  3 giant cockroaches
  12 goblins
  10 hobgoblins
  2 jackals (D:4)
  4 quokkas
  12 ball pythons
  4 bats
  6 kobolds
  4 rats
99 creatures vanquished.

Notes
Turn   | Place    | Note
-------+----------+-------------------------------------------
     0 | D:1      | qw the Spriggan Hunter began the quest for the Orb.
     0 | D:1      | Reached XP level 1. HP: 10/10 MP: 2/2
     0 | D:1      | 0 ||| qw: Version: 0.3-a-155-g5e7d8dd
     0 | D:1      | 0 ||| qw: Game counter: 772
     0 | D:1      | 0 ||| qw: Melee chars always use a shield: true
     0 | D:1      | 0 ||| qw: God list: Okawaru
     0 | D:1      | 0 ||| qw: Allow faded altars: false
     0 | D:1      | 0 ||| qw: Do Orc after clearing Dungeon:15 true
     0 | D:1      | 0 ||| qw: Do second Lair branch before Depths: true
     0 | D:1      | 0 ||| qw: Lair rune preference: random
     0 | D:1      | 0 ||| qw: Goals: Normal
     0 | D:1      | 0 ||| PLANNING D:1-11
     8 | D:1      | 8 ||| DROPPING scroll of butterflies.
    16 | D:1      | Reached skill level 3 in Dodging
    28 | D:1      | Reached XP level 2. HP: 14/14 MP: 3/3
    32 | D:1      | Reached skill level 4 in Dodging
   382 | D:1      | Reached XP level 3. HP: 14/18 MP: 4/4
   578 | D:1      | 578 ||| UPGRADING to +6 ring of dexterity.
   579 | D:1      | 579 ||| READING scroll labelled TIRIESO FULESCH.
   579 | D:1      | Identified a scroll of acquirement
   579 | D:1      | 579 ||| ACQUIRING amulet of guardian spirit
   579 | D:1      | Acquired an amulet of guardian spirit
   581 | D:1      | 581 ||| UPGRADING to amulet of guardian spirit.
   653 | D:2      | Found a runed translucent door.
   654 | D:2      | Noticed Crazy Yiuf
   772 | D:2      | Found a faded altar of an unknown god.
   961 | D:2      | Reached skill level 5 in Dodging
   961 | D:2      | Reached XP level 4. HP: 22/22 MP: 5/5
  1127 | D:2      | Noticed Jessica
  1129 | D:2      | 1129 ||| ZAPPING wand of flame (14) at 1,3 (Jessica;
                  | floor).
  1130 | D:2      | 1130 ||| ZAPPING wand of flame (13) at 1,2 (Jessica;
                  | floor).
  1131 | D:2      | 1131 ||| ZAPPING wand of flame (12) at 1,1 (Jessica;
                  | floor).
  1132 | D:2      | 1132 ||| ZAPPING wand of flame (11) at 1,1 (Jessica;
                  | floor).
  1133 | D:2      | 1133 ||| ZAPPING wand of flame (10) at 1,1 (Jessica;
                  | floor).
  1133 | D:2      | Killed Jessica
  1497 | D:2      | 1497 ||| UPGRADING to amulet of reflection.
  1507 | D:2      | 1507 ||| DROPPING amulet of guardian spirit.
  1508 | D:2      | 1508 ||| READING 2 scrolls labelled XIELENA HILO.
  1509 | D:2      | 1509 ||| READING scroll labelled DOELEA PUFAIDGH.
  1610 | D:2      | 1610 ||| READING 2 scrolls labelled FUGAEDO NOTO.
  1610 | D:2      | 1610 ||| ENCHANTING +0 shortbow.
  1611 | D:2      | 1611 ||| READING scroll labelled APUS DUAMEID.
  1612 | D:2      | 1612 ||| READING scroll labelled TAECKYT WIEFFI.
  1612 | D:2      | 1612 ||| IDENTIFYING yellow potion
  1613 | D:2      | 1613 ||| DROPPING scroll of poison.
  1692 | D:3      | Noticed Robin
  1702 | D:3      | Killed Robin
  1703 | D:3      | 1703 ||| FLEEEEING.
  1704 | D:3      | 1704 ||| FLEEEEING.
  1705 | D:3      | 1705 ||| FLEEEEING.
  1706 | D:3      | 1706 ||| FLEEEEING.
  1707 | D:3      | 1707 ||| FLEEEEING.
  1708 | D:3      | 1708 ||| FLEEEEING.
  1709 | D:3      | 1709 ||| FLEEEEING.
  1710 | D:3      | 1710 ||| FLEEEEING.
  1711 | D:3      | 1711 ||| FLEEEEING.
  1714 | D:3      | 1714 ||| FLEEEEING.
  1715 | D:3      | 1715 ||| STAIRDANCE
  1783 | D:3      | Reached XP level 5. HP: 25/25 MP: 6/6
  1814 | D:3      | Reached skill level 6 in Dodging
  1859 | D:3      | Found an opulent altar of Gozag.
  2049 | D:3      | Noticed Terence
  2056 | D:3      | Killed Terence
  2206 | D:3      | Noticed Natasha
  2215 | D:3      | Killed Natasha
  2217 | D:3      | 2217 ||| FLEEEEING.
  2220 | D:3      | 2220 ||| FLEEEEING.
  2221 | D:3      | 2221 ||| FLEEEEING.
  2222 | D:3      | 2222 ||| FLEEEEING.
  2231 | D:3      | 2231 ||| FLEEEEING.
  2329 | D:3      | Noticed Natasha
  2335 | D:3      | Killed Natasha
  2336 | D:3      | Reached XP level 6. HP: 30/30 MP: 7/7
  2476 | D:3      | Noticed Natasha
  2478 | D:3      | 2478 ||| FLEEEEING.
  2479 | D:3      | 2479 ||| FLEEEEING.
  2488 | D:3      | Killed Natasha
  2489 | D:3      | Reached skill level 6 in Ranged Weapons
  2552 | D:3      | 2552 ||| READING scroll of identify.
  2552 | D:3      | 2552 ||| IDENTIFYING blue potion
  2553 | D:3      | 2553 ||| READING scroll labelled SUESIH REZECHY.
  2554 | D:3      | 2554 ||| READING 2 scrolls labelled CACWUO PUAM.
  2555 | D:3      | 2555 ||| READING scroll labelled QAUSORH WARO.
  2558 | D:3      | 2558 ||| DRINKING 3 metallic grey potions.
  2580 | D:3      | 2580 ||| DROPPING scroll of revelation.
  2581 | D:3      | 2581 ||| DROPPING potion of invisibility.
  2582 | D:3      | 2582 ||| DROPPING 2 potions of lignification.
  2743 | D:4      | HP: 7/30 [white imp (4)]
  2744 | D:4      | 2744 ||| READING scroll of teleportation.
  2748 | D:4      | 2748 ||| FLEEEEING.
  2749 | D:4      | 2749 ||| FLEEEEING.
  2888 | D:4      | 2888 ||| FLEEEEING.
  2889 | D:4      | 2889 ||| FLEEEEING.
  2892 | D:4      | 2892 ||| FLEEEEING.
  2893 | D:4      | 2893 ||| FLEEEEING.
  2894 | D:4      | 2894 ||| FLEEEEING.
  2919 | D:4      | Reached skill level 7 in Dodging
  2983 | D:4      | Killed from afar by an orc wizard

Levels and vault maps discovered:
D:1:      minmay_arrival_stone_box, layout_loops_cross, minmay_tripent
D:2:      layout_basic, ebering_ecumenical_altar_rust, uniq_crazy_yiuf_cottage,
          uniq_jessica
D:3:      layout_loops_ring, mainiacjoe_overflow_paths, hangedman_decor_push,
          uniq_robin, uniq_terence, uniq_natasha
D:4:      layout_basic, jmf_multi_god_temple, pdpol_wu_jian_five_deadly_venoms

Skill      XL: |  1  2  3  4  5  6 |
---------------+-------------------+-----
Dodging        | 3 4 5 6 7 |  7.4
Ranged Weapons | 5 6 |  6.0
Fighting       | 2 |  2.0
Stealth        | |  1.5

Action                     |  1- 3 |  4- 6 || total
---------------------------+-------+-------++-------
   Fire: Shortbow          |    94 |   222 ||   316
  Evoke: Wand              |       |     5 ||     5
    Use: Scroll            |     1 |    10 ||    11
         Potion            |       |     1 ||     1
 Armour: Robe              |     9 |    41 ||    50
  Dodge: Dodged            |    28 |   117 ||   145
  Block: Other             |       |    21 ||    21

Table legend:
 A = Non-vault XP
 B = Vault XP
 C = Vault XP percentage of total XP
 D = Non-vault monster count
 E = Vault monster count
 F = Vault count percentage of total count
                 A         B        C        D         E       F
            +---------+---------+-------+---------+---------+-------
      Total |     500 |     140 |  21.9 |      85 |      14 |  14.1
            +---------+---------+-------+---------+---------+-------
        D:1 |      46 |       3 |   6.1 |      21 |       2 |   8.7
        D:2 |      71 |      37 |  34.3 |      21 |       1 |   4.5
        D:3 |     192 |     100 |  34.2 |      26 |      11 |  29.7
        D:4 |     191 |       0 |   0.0 |      17 |       0 |   0.0
            +---------+---------+-------+---------+---------+-------
